 Dungeon Crawl Stone Soup version 0.18-b1-18-g7758cf2 (webtiles) character file.

93 Wooh the Covered (level 4, -9/26 HPs)
             Began as a Gargoyle Gladiator on May 2, 2016.
             Killed by divine providence
             ... invoked by an orc priest
              (11 damage)
             ... on level 3 of the Dungeon.
             The game lasted 00:05:10 (1758 turns).

Wooh the Covered (Gargoyle Gladiator)               Turns: 1758, Time: 00:05:10

Health: -9/26      AC:  8    Str: 20    XL:     4   Next: 62%
Magic:  4/4        EV: 12    Int:  8    God:
Gold:   78         SH:  0    Dex: 16    Spells: 0 memorised, 3 levels left

rFire  . . .     SeeInvis .     a - +0 quarterstaff
rCold  . . .     Gourm    .     b - +0 leather armour
rNeg   + . .     Faith    .     (shield currently unavailable)
rPois  ∞         Spirit   .     c - +0 helmet
rElec  +         Dismiss  .     (no cloak)
rCorr  .         Reflect  .     (no gloves)
SustAt .         Harm     .     (no boots)
MR     .....                    (no amulet)
Stlth  +.........               (no ring)
                                y - +6 ring of dexterity

@: not resistant to hostile enchantments, very unstealthy
A: negative energy resistance 1, electricity resistance, unbreathing,
petrification resistance, rot immunity, AC +3
a: no special abilities


You were on level 3 of the Dungeon.
You were not hungry.

You visited 1 branch of the dungeon, and saw 3 of its levels.

You collected 78 gold pieces.

Inventory:

Hand Weapons
 a - a +0 quarterstaff (weapon)
Missiles
 d - 3 throwing nets
 j - 6 tomahawks (quivered)
 p - 46 arrows
 r - 47 bolts
Armour
 b - a +0 leather armour (worn)
 c - a +0 helmet (worn)
 q - a +0 chain mail
Jewellery
 y - a +6 ring of dexterity (left hand)
Scrolls
 e - a scroll of remove curse {unknown}
 i - 5 scrolls of blinking {unknown}
 k - 2 scrolls of identify {unknown}
 o - a scroll of immolation {unknown}
 s - a scroll of recharging {unknown}
 t - a scroll of teleportation {unknown}
Potions
 l - 2 potions of brilliance {unknown}
 m - a potion of ambrosia {unknown}
 u - a potion of curing {unknown}
 v - a potion of lignification {unknown}
 w - 2 potions of heal wounds {unknown}
 x - a potion of invisibility {unknown}
Comestibles
 f - 3 bread rations
 g - 2 meat rations
 h - 6 chunks of flesh
 n - 2 beef jerkies


   Skills:
 - Level 2.1 Fighting
 - Level 3.0 Staves
 - Level 1.7 Throwing
 + Level 4.4 Armour
 - Level 2.4 Dodging


You had 3 spell levels left.
You didn't know any spells.

Dungeon Overview and Level Annotations

Branches:
Dungeon (3/15)

Altars:


Innate Abilities, Weirdness & Mutations

You are resistant to torment.
Your stone body is resilient (AC +3).
You are immune to poison.
You resist negative energy.
You are resistant to electric shocks.
You can survive without breathing.
You are immune to petrification.
You are immune to rotting.


Message History

The orc priest is lightly wounded.
The orc priest barely misses you. The orc hits you with a short sword.
You hit the orc priest.
The orc priest is heavily wounded.
The giant gecko misses you. The orc hits you with a flail.
The orc priest hits you with a flail. The orc hits you but does no damage.
The giant gecko closely misses you. The orc hits you with a short sword.
The giant gecko bites you.
* * * LOW HITPOINT WARNING * * *
The orc priest looks braver for a moment.
The adder barely misses you. The adder bites you but does no damage.
The adder bites you.
* * * LOW HITPOINT WARNING * * *
The adder bites you.
* * * LOW HITPOINT WARNING * * *
The orc priest looks braver for a moment.
The orc priest calls down the wrath of Beogh upon you.
Beogh smites you!
You die...

#.........# #..†......# ...#
#.........# ...# # #.........#
...## ## #####.##### ...8# ##.
#.#...##...# #.. #.#.##.#...
#.. #.#.##.#.## #..
#.#....@..##### #..
#.....S.......# #..
##.......#....# ##.
#..ol...#....# ##.. ######
#....o.÷.....# #<.. #....#
#o#..........### ##... #....#
#.#.....#......####....
#....###.#o...................
#...................#..####...


You could see an orc priest, an adder, 3 orcs and a giant gecko.

Vanquished Creatures
  3 adders (D:2)
  2 worms
  A dart slug (D:1)
  A giant gecko (D:1)
  An orc (D:3)
  2 giant cockroaches (D:1)
  A goblin (D:1)
  9 hobgoblins
  12 jackals
  5 kobolds
  A quokka (D:3)
  8 bats
  A giant newt (D:3)
  4 rats
51 creatures vanquished.

Notes
Turn   | Place    | Note
--------------------------------------------------------------
     0 | D:1      | Wooh the Gargoyle Gladiator began the quest for the Orb.
     0 | D:1      | Reached XP level 1. HP: 12/12 MP: 1/1
    56 | D:1      | Reached skill level 1 in Armour
    59 | D:1      | Reached XP level 2. HP: 13/17 MP: 2/2
   231 | D:1      | Reached skill level 2 in Armour
   736 | D:1      | Reached XP level 3. HP: 15/21 MP: 3/3
   915 | D:2      | Reached skill level 3 in Armour
  1327 | D:2      | Reached XP level 4. HP: 22/26 MP: 4/4
  1428 | D:2      | Reached skill level 4 in Armour
  1758 | D:3      | Killed from afar by an orc priest

Skill      XL: |  1  2  3  4 |
---------------+-------------+-----
Armour         | 1 2 3 4 |  4.4
Fighting       | |  2.1
Staves         | |  3.0
Throwing       | |  1.7
Dodging        | |  2.4

Action                   |  1- 3 |  4- 6 || total
-------------------------+-------+-------++-------
Melee: Quarterstaff      |   106 |    73 ||   179
  Eat: Chunk             |     1 |     2 ||     3
Armor: Leather armour    |    50 |    41 ||    91
Dodge: Dodged            |    81 |    64 ||   145
